PUB
IRON CITY EDDIES @ KINUSO BLUES
06/07/1972
 
TOP OF THE 1ST
Iron City Eddies batting - Pitching for Kinuso Blues : RHP Terry Stabler
Pitching: RHP Terry Stabler
Batting: LHB Vic Davalillo 0-0: Ball
1-0: Ground out 4-3 (Groundball, 4, EV 110.6 MPH)
Batting: LHB Fernando Pérez 0-0: Swinging Strike
0-1: Ball
1-1: Ground out 4-3 (Groundball, 4, EV 110.6 MPH)
Batting: LHB Willie Stargell 0-0: Ball
1-0: SOLO HOME RUN (Flyball, 7D, EV 99.4 MPH), Distance : 390 ft
Batting: RHB Dwaine Bullivant 0-0: Foul Ball, location: 3FF
0-1: Ball
1-1: Swinging Strike
1-2: Ball
2-2: Foul Ball, location: 25F
2-2: Ball
3-2: Foul Ball, location: 23F
3-2: Base on Balls
Batting: RHB Jason Wright 0-0: Ball
1-0: TRIPLE (Flyball, 89XD, EV 111.9 MPH)
Dwaine Bullivant scores
Batting: RHB Jed Hembree 0-0: Called Strike
0-1: Called Strike
0-2: Foul Ball, location: 2F
0-2: DOUBLE (Line Drive, 89M, EV 90.6 MPH)
Jason Wright scores
Batting: LHB Jing-xiang Lok 0-0: Called Strike
0-1: Ball
1-1: Foul Ball, location: 7LMFF
1-2: Fly out, F8 (Flyball, 89D, EV 100.0 MPH)
Top of the 1st over - 3 runs, 3 hits, 0 errors, 1 left on base; Iron City 3 - Kinuso 0
BOTTOM OF THE 1ST
Kinuso Blues batting - Pitching for Iron City Eddies : RHP Donald Talley
Pitching: RHP Donald Talley
Batting: RHB Jeremy Kennedy 0-0: Ball
1-0: Fly out, F8 (Flyball, 8RM, EV 93.8 MPH)
Batting: RHB Manabu Azuma 0-0: Ball
1-0: SINGLE (Flyball, 4MD, EV 89.4 MPH)
Batting: LHB John Heller 0-0: Ball
1-0: Foul Ball, location: 5SF
1-1: Foul Ball, location: 2F
1-2: Ball
2-2: Foul Ball, location: 5F
2-2: Ball
3-2: Grounds into double play, 5-4-3 (Groundball, 56, EV 90.6 MPH)
Bottom of the 1st over - 0 runs, 1 hit, 0 errors, 0 left on base; Iron City 3 - Kinuso 0
TOP OF THE 2ND
Iron City Eddies batting - Pitching for Kinuso Blues : RHP Terry Stabler
Batting: RHB Alex Díaz 0-0: Foul Ball, location: 25F
0-1: Foul Ball, location: 3F
0-2: Ball
1-2: Ball
2-2: Strikes out swinging
Batting: RHB Donald Talley 0-0: Ball
1-0: Ball
2-0: Foul Ball, location: 9LMF
2-1: Foul Ball, location: 5F
2-2: Foul Ball, location: 5F
2-2: Foul Ball, location: 5SF
2-2: Foul Ball, location: 9LMF
2-2: Ball
3-2: Foul Ball, location: 9LSF
3-2: Ground out 6-3 (Groundball, 6, EV 88.8 MPH)
Batting: LHB Vic Davalillo 0-0: Ball
1-0: Ball
2-0: Called Strike
2-1: SINGLE (Line Drive, 7LS, EV 103.8 MPH)
Batting: LHB Fernando Pérez 0-0: Ball
1-0: Called Strike
1-1: Swinging Strike
1-2: Foul Ball, location: 3F
1-2: Foul Ball, location: 5F
1-2: Ball
2-2: Foul Ball, location: 7LDF
2-2: Strikes out swinging
Top of the 2nd over - 0 runs, 1 hit, 0 errors, 1 left on base; Iron City 3 - Kinuso 0
BOTTOM OF THE 2ND
Kinuso Blues batting - Pitching for Iron City Eddies : RHP Donald Talley
Batting: SHB Ken Henderson 0-0: Ball
1-0: Ground out 6-3 (Groundball, 6, EV 85.6 MPH)
Batting: RHB Thurman Munson 0-0: Ball
1-0: Ball
2-0: Called Strike
2-1: Foul Ball, location: 2F
2-2: Strikes out swinging
Batting: RHB Bob Jenkins 0-0: Ground out 6-3 (Groundball, 6D, EV 105.0 MPH)
Bottom of the 2nd over - 0 runs, 0 hits, 0 errors, 0 left on base; Iron City 3 - Kinuso 0
TOP OF THE 3RD
Iron City Eddies batting - Pitching for Kinuso Blues : RHP Terry Stabler
Batting: LHB Willie Stargell 0-0: Called Strike
0-1: Ball
1-1: Fly out, F8 (Flyball, 8LD, EV 110.0 MPH)
Batting: RHB Dwaine Bullivant 0-0: Ball
1-0: Fly out, F7 (Flyball, 7, EV 93.8 MPH)
Batting: RHB Jason Wright 0-0: Foul Ball, location: 5DF
0-1: Fly out, F7 (Flyball, 7D, EV 106.3 MPH)
Top of the 3rd over - 0 runs, 0 hits, 0 errors, 0 left on base; Iron City 3 - Kinuso 0
BOTTOM OF THE 3RD
Kinuso Blues batting - Pitching for Iron City Eddies : RHP Donald Talley
Batting: RHB Juan Moreno 0-0: Called Strike
0-1: Foul Ball, location: 23F
0-2: Ball
1-2: Ball
2-2: Foul Ball, location: 5FF
2-2: Strikes out swinging
Batting: RHB César Muñóz 0-0: Ground out 6-3 (Groundball, 6, EV 103.1 MPH)
Batting: RHB Terry Stabler 0-0: Swinging Strike
0-1: Ball
1-1: Ground out 4-3 (Groundball, 4MD, EV 94.4 MPH)
Bottom of the 3rd over - 0 runs, 0 hits, 0 errors, 0 left on base; Iron City 3 - Kinuso 0
TOP OF THE 4TH
Iron City Eddies batting - Pitching for Kinuso Blues : RHP Terry Stabler
Batting: RHB Jed Hembree 0-0: Ball
1-0: Ground out 1-3 (Groundball, 15S, EV 63.1 MPH)
Batting: LHB Jing-xiang Lok 0-0: Swinging Strike
0-1: Ball
1-1: Ground out 4-3 (Groundball, 4MD, EV 100.6 MPH)
Batting: RHB Alex Díaz 0-0: Ball
1-0: Foul Ball, location: 5DF
1-1: Ground out 5-3 (Groundball, 15, EV 80.6 MPH)
Top of the 4th over - 0 runs, 0 hits, 0 errors, 0 left on base; Iron City 3 - Kinuso 0
BOTTOM OF THE 4TH
Kinuso Blues batting - Pitching for Iron City Eddies : RHP Donald Talley
Batting: RHB Jeremy Kennedy 0-0: Ball
1-0: Hit by Pitch
Batting: RHB Manabu Azuma 0-0: Ball
Jeremy Kennedy is caught stealing 2nd base 2-4
1-0: SINGLE (Line Drive, 6MD, EV 100.6 MPH)
Batting: LHB John Heller 0-0: Swinging Strike
0-1: Foul Ball, location: 3FF
0-2: Hit by Pitch
Manabu Azuma to second
Batting: SHB Ken Henderson 0-0: Foul Ball, location: 2F
0-1: Ball
1-1: Swinging Strike
1-2: Ball
2-2: Foul Ball, location: 2F
2-2: Foul Ball, location: 7LDF
2-2: Foul Ball, location: 2F
2-2: Strikes out swinging
Batting: RHB Thurman Munson 0-0: Fielders Choice at 2nd, 6-4 (Groundball, 6, EV 96.3 MPH)
Bottom of the 4th over - 0 runs, 1 hit, 0 errors, 2 left on base; Iron City 3 - Kinuso 0
TOP OF THE 5TH
Iron City Eddies batting - Pitching for Kinuso Blues : RHP Terry Stabler
Batting: RHB Donald Talley 0-0: Called Strike
0-1: Swinging Strike
0-2: Ball
1-2: Foul Ball, location: 5FF
1-2: Foul Ball, location: 2F
1-2: Strikes out looking
Batting: LHB Vic Davalillo 0-0: Ground out 6-3 (Groundball, 6, EV 104.4 MPH)
Batting: LHB Fernando Pérez 0-0: Ball
1-0: Ball
2-0: Called Strike
2-1: Ball
3-1: Base on Balls
Batting: LHB Willie Stargell 0-0: Foul Ball, location: 2F
0-1: Ball
Fernando Pérez steals 2nd base
1-1: Swinging Strike
1-2: SINGLE (Line Drive, 9S, EV 106.9 MPH)
Fernando Pérez to third
Runner from 3rd tries for Home, SAFE, throw by RF to home
Willie Stargell to second
Batting: RHB Dwaine Bullivant 0-0: Called Strike
0-1: Foul Ball, location: 7LMF
0-2: Ball
1-2: Strikes out looking
Top of the 5th over - 1 run, 1 hit, 0 errors, 1 left on base; Iron City 4 - Kinuso 0
BOTTOM OF THE 5TH
Kinuso Blues batting - Pitching for Iron City Eddies : RHP Donald Talley
Batting: RHB Bob Jenkins 0-0: Ball
1-0: Foul Ball, location: 2F
1-1: Ball
2-1: Fly out, F7 (Line Drive, 7, EV 91.3 MPH)
Batting: RHB Juan Moreno 0-0: Swinging Strike
0-1: Called Strike
0-2: Strikes out swinging
Batting: RHB César Muñóz 0-0: SINGLE (Groundball, 4MD, EV 98.8 MPH)
Batting: RHB Terry Stabler 0-0: Ball
1-0: Ball
2-0: Ball
3-0: Called Strike
3-1: Base on Balls
César Muñóz to second
Batting: RHB Jeremy Kennedy 0-0: Ball
1-0: Ball
2-0: DOUBLE (Line Drive, 78M, EV 88.8 MPH)
César Muñóz scores
Terry Stabler to third
Batting: RHB Manabu Azuma 0-0: Ball
1-0: Foul Ball, location: 3DF
1-1: Swinging Strike
1-2: Strikes out swinging
Bottom of the 5th over - 1 run, 2 hits, 0 errors, 2 left on base; Iron City 4 - Kinuso 1
TOP OF THE 6TH
Iron City Eddies batting - Pitching for Kinuso Blues : RHP Terry Stabler
Batting: RHB Jason Wright 0-0: Swinging Strike
0-1: Foul Ball, location: 25F
0-2: Ball
1-2: Strikes out swinging
Batting: RHB Jed Hembree 0-0: Ball
1-0: Ball
2-0: Ball
3-0: Called Strike
3-1: Foul Ball, location: 3FF
3-2: Strikes out swinging
Batting: LHB Jing-xiang Lok 0-0: Called Strike
0-1: Foul Ball, location: 7LDF
0-2: Foul Ball, location: 7LSF
0-2: Ground out 4-3 (Groundball, 4, EV 84.4 MPH)
Top of the 6th over - 0 runs, 0 hits, 0 errors, 0 left on base; Iron City 4 - Kinuso 1
BOTTOM OF THE 6TH
Kinuso Blues batting - Pitching for Iron City Eddies : RHP Donald Talley
Batting: LHB John Heller 0-0: Ball
1-0: Ball
2-0: Ball
3-0: Base on Balls
Batting: SHB Ken Henderson 0-0: Grounds into double play, 3-6-3 (Groundball, 3, EV 81.9 MPH)
Batting: RHB Thurman Munson 0-0: Ball
1-0: Called Strike
1-1: Ball
2-1: Ground out 6-3 (Groundball, 6, EV 80.6 MPH)
Bottom of the 6th over - 0 runs, 0 hits, 0 errors, 0 left on base; Iron City 4 - Kinuso 1
TOP OF THE 7TH
Iron City Eddies batting - Pitching for Kinuso Blues : RHP Terry Stabler
Batting: RHB Alex Díaz 0-0: Ball
1-0: Ball
2-0: Called Strike
2-1: Swinging Strike
2-2: TRIPLE (Groundball, 3L, EV 96.9 MPH)
Batting: RHB Donald Talley 0-0: Swinging Strike
0-1: Ground out 6-3 (Groundball, 6, EV 100.0 MPH)
Batting: LHB Vic Davalillo 0-0: SINGLE (Line Drive, 78S, EV 98.1 MPH)
Alex Díaz scores
Batting: LHB Fernando Pérez 0-0: Ball
Vic Davalillo is caught stealing 2nd base 2-6
1-0: Called Strike
1-1: Called Strike
1-2: Foul Ball, location: 9LSF
1-2: Ground out 5-3 (Groundball, 56, EV 96.3 MPH)
Top of the 7th over - 1 run, 2 hits, 0 errors, 0 left on base; Iron City 5 - Kinuso 1
BOTTOM OF THE 7TH
Kinuso Blues batting - Pitching for Iron City Eddies : RHP Donald Talley
Batting: RHB Bob Jenkins 0-0: Called Strike
0-1: SINGLE (Line Drive, 89M, EV 91.9 MPH)
Batting: RHB Juan Moreno 0-0: Called Strike
0-1: Ball
1-1: Foul Ball, location: 2F
1-2: Foul Ball, location: 2F
1-2: Foul Ball, location: 2RF
1-2: Foul Ball, location: 2F
1-2: Fly out, F9 (Flyball, 9, EV 87.5 MPH)
Batting: RHB César Muñóz 0-0: Called Strike
0-1: Ball
1-1: Foul Ball, location: 2F
1-2: Strikes out looking
Pinch Hitting: RHB Andy Stevens 0-0: Fly out, F8 (Flyball, 78M, EV 84.4 MPH)
Bottom of the 7th over - 0 runs, 1 hit, 0 errors, 1 left on base; Iron City 5 - Kinuso 1
TOP OF THE 8TH
Iron City Eddies batting - Pitching for Kinuso Blues : RHP Terry Stabler
Pitching: LHP Claudio Lucero
Batting: LHB Willie Stargell 0-0: Called Strike
0-1: Ball
1-1: Swinging Strike
1-2: Foul Ball, location: 25F
1-2: Ball
2-2: Foul Ball, location: 25F
2-2: Foul Ball, location: 2F
2-2: Strikes out swinging
Batting: RHB Dwaine Bullivant 0-0: SOLO HOME RUN (Flyball, 7D, EV 100.6 MPH), Distance : 391 ft
Batting: RHB Jason Wright 0-0: Ball
1-0: Ball
2-0: SINGLE (Flyball, 6D, EV 93.1 MPH)
Batting: RHB Jed Hembree 0-0: Ball
Jason Wright steals 2nd base
1-0: Ball
2-0: Ball
3-0: Called Strike
3-1: Called Strike
3-2: Strikes out looking
Batting: LHB Jing-xiang Lok 0-0: Called Strike
Jason Wright steals 3rd base
0-1: Ball
1-1: Ball
2-1: Ball
3-1: Ground out 5-3 (Groundball, 5, EV 88.8 MPH)
Top of the 8th over - 1 run, 2 hits, 0 errors, 1 left on base; Iron City 6 - Kinuso 1
BOTTOM OF THE 8TH
Kinuso Blues batting - Pitching for Iron City Eddies : RHP Donald Talley
Batting: RHB Jeremy Kennedy 0-0: Ball
1-0: Called Strike
1-1: Fly out, F8 (Flyball, 8RM, EV 90.6 MPH)
Batting: RHB Manabu Azuma 0-0: SINGLE (Flyball, 8LS, EV 86.3 MPH)
Batting: LHB John Heller 0-0: Ball
1-0: Swinging Strike
1-1: Foul Ball, location: 23F
1-2: Strikes out looking
Batting: SHB Ken Henderson 0-0: Ball
1-0: Called Strike
1-1: Fly out, F7 (Flyball, 78S, EV 95.0 MPH)
Bottom of the 8th over - 0 runs, 1 hit, 0 errors, 1 left on base; Iron City 6 - Kinuso 1
TOP OF THE 9TH
Iron City Eddies batting - Pitching for Kinuso Blues : LHP Claudio Lucero
Batting: RHB Alex Díaz 0-0: Called Strike
0-1: Ball
1-1: Ball
2-1: Ground out 6-3 (Groundball, 6, EV 105.6 MPH)
Pinch Hitting: RHB Mike Ellis 0-0: Called Strike
0-1: Called Strike
0-2: Ball
1-2: Foul Ball, location: 3FF
1-2: Ball
2-2: Foul Ball, location: 25F
2-2: Ball
3-2: Base on Balls
Batting: LHB Vic Davalillo 0-0: Ball
1-0: Ball
2-0: Ball
3-0: Foul Ball, location: 2RF
3-1: Foul Ball, location: 3FF
3-2: Strikes out swinging
Batting: LHB Fernando Pérez 0-0: Ball
1-0: Called Strike
1-1: Fielders Choice at 2nd, 6-4 (Groundball, 6, EV 103.1 MPH)
Top of the 9th over - 0 runs, 0 hits, 0 errors, 1 left on base; Iron City 6 - Kinuso 1
BOTTOM OF THE 9TH
Kinuso Blues batting - Pitching for Iron City Eddies : RHP Donald Talley
Pitching: LHP David Fowler
Batting: RHB Thurman Munson 0-0: Ball
1-0: Called Strike
1-1: DOUBLE (Flyball, 8LXD, EV 101.9 MPH)
Batting: RHB Bob Jenkins 0-0: Swinging Strike
0-1: Called Strike
0-2: Ball
1-2: Foul Ball, location: 2F
1-2: Strikes out swinging, 2-3 out at first.
Batting: RHB Juan Moreno 0-0: Ball
1-0: Called Strike
1-1: Fly out, F2 (Popup, 23F, EV 92.5 MPH)
Batting: RHB César Muñóz 0-0: Foul Ball, location: 25F
0-1: Foul Ball, location: 9LDF
0-2: Ball
1-2: Foul Ball, location: 2F
1-2: Ball
2-2: Strikes out swinging
Bottom of the 9th over - 0 runs, 1 hit, 0 errors, 1 left on base; Iron City 6 - Kinuso 1
Monday, March 25th , 2024 - OOTP Baseball 24.8 Build 75